 Dungeon Crawl Stone Soup version 0.27.1-1-g398f81649c (webtiles) character file.

Game seed: 14795945946537549559

21 phibes the Grave Robber (level 2, 0/19 HPs)
             Began as a Mummy Necromancer on Sept 10, 2021.
             Slain by a water moccasin (6 damage)
             ... on level 3 of the Dungeon.
             The game lasted 00:11:57 (860 turns).

phibes the Grave Robber (Mummy Necromancer)          Turns: 860, Time: 00:11:58

Health: 0/19       AC:  2    Str: 11    XL:     2   Next: 62%
Magic:  4/6        EV: 12    Int: 14    God:
Gold:   18         SH:  0    Dex: 12    Spells: 5/7 levels left

rFire    x . .     SeeInvis .   (no weapon)
rCold    + . .     Faith    .   (no shield)
rNeg     + + +     Spirit   .   a - +0 robe
rPois    ∞         Reflect  .   (no helmet)
rElec    .         Harm     .   (no cloak)
rCorr    .         Rampage  .   (no gloves)
Will     .....                  (no boots)
Stlth    ++........             (no amulet)
HPRegen  0.06/turn              (no ring)
MPRegen  0.10/turn              (no ring)

@: no status effects
A: cold resistance 1, negative energy resistance 3, torment resistance 2, heat
vulnerability 1, no potions
a: no special abilities


You were on level 3 of the Dungeon.
You visited 1 branch of the dungeon, and saw 3 of its levels.

You collected 18 gold pieces.

Inventory:

Missiles
 d - 44 stones
Armour
 a - a +0 robe (worn)
 e - a +0 robe
Scrolls
 b - 2 scrolls of holy word
 c - a scroll of enchant weapon {unknown}


   Skills:
 + Level 1.7 Dodging
 + Level 1.5 Stealth
 + Level 3.1 Spellcasting
 + Level 4.5 Necromancy


You had 5 spell levels left.
You knew the following spells:

 Your Spells              Type           Power      Damage    Failure   Level
a - Pain                  Necr           56%        1d6       3%          1
b - Animate Skeleton      Necr           28%        N/A       3%          1

Your spell library contained the following spells:

 Spells                   Type           Power      Damage    Failure   Level
 Vampiric Draining        Necr           7%         2d7       10%         3
 Animate Dead             Necr           7%         N/A       32%         4
 Agony                    Necr           14%        N/A       67%         5


Dungeon Overview and Level Annotations

Branches:
Dungeon (2/15)

Altars:

Shops:
D:1 *


Innate Abilities, Weirdness & Mutations

You are immune to poison.
Your flesh is cold resistant. (rC+)
You are immune to negative energy. (rN+++)
You are immune to unholy pain and torment.
You are vulnerable to heat. (rF-)
You do not drink.


Message History

Found an escape hatch in the floor.
There is an escape hatch in the floor here.
A water moccasin comes into view.
The water moccasin hisses angrily.
The water moccasin misses you.
Casting: Pain (safe; 3% risk of failure)
Confirm with . or Enter, or press ? or * to list all spells.
Aiming: Pain (safe; 3% risk of failure)
Press: ? - help, Shift-Dir - straight line, f - water moccasin
Aim: a water moccasin (chance to affect: 72%)
The water moccasin writhes in agony.
The water moccasin closely misses you.
Casting: Pain (safe; 3% risk of failure)
Confirm with . or Enter, or press ? or * to list all spells.
Aiming: Pain (safe; 3% risk of failure)
Press: ? - help, Shift-Dir - straight line, f/p - water moccasin
Aim: a water moccasin (lightly wounded, chance to affect: 72%)
You miscast Pain.
You are very lightly contaminated with residual magic.
Nothing appears to happen.
The water moccasin bites you.
Casting: Pain (safe; 3% risk of failure)
Confirm with . or Enter, or press ? or * to list all spells.
Aiming: Pain (safe; 3% risk of failure)
Press: ? - help, Shift-Dir - straight line, f/p - water moccasin
Aim: a water moccasin (lightly wounded, chance to affect: 72%)
The water moccasin writhes in agony.
The water moccasin completely misses you.
The water moccasin barely misses you. The water moccasin barely misses you.
The water moccasin barely misses you.
Your magical contamination has completely faded away.
The water moccasin closely misses you. The water moccasin misses you.
The water moccasin bites you.
There is an escape hatch in the floor here.
As you read the scroll labelled MEFRUY IRODO, it crumbles to dust.
You speak a Word of immense power!
You are blasted by holy energy!
It was a scroll of holy word.
The water moccasin closely misses you.
The water moccasin bites you but does no damage.
The water moccasin bites you.
You die...

..........###########.##
#.######## #.........#
#.####### #.#########
#.......# #.# #######.#
#.# ##### #.# #.#
......#.## #.#
#....####.# #..#...S@.#
##...###### ##.## #. #.
.. ##


You could see a water moccasin.

Vanquished Creatures
  2 endoplasms
  2 goblins (D:1)
  2 hobgoblins (D:1)
  A quokka (D:1)
  2 ball pythons
  3 bats (D:1)
  3 frilled lizards (D:1)
  5 rats (D:1)
20 creatures vanquished.

Notes
Turn   | Place    | Note
-------+----------+-------------------------------------------
     0 | D:1      | phibes the Mummy Necromancer began the quest for the Orb.
     0 | D:1      | Reached XP level 1. HP: 13/13 MP: 4/4
   150 | D:1      | Found Omas's General Store.
   355 | D:1      | Reached XP level 2. HP: 19/19 MP: 3/5
   559 | D:1      | Learned a level 1 spell: Animate Skeleton
   717 | D:2      | Found a faded altar of an unknown god.
   789 | D:2      | You fall into a shaft and drop 1 floor!
   842 | D:3      | Noticed a water moccasin
   860 | D:3      | Slain by a water moccasin

Illustrated notes

Levels and vault maps discovered:
D:1:      kennysheep_arrival_forest, layout_rooms, serial_shops,
          nicolae_square_shop
D:2:      layout_loops_ring, hellmonk_ecumenical_altar_run_dry, uniq_terence
D:3:      layout_loops_ring, kiku_gazebo_garden_becter, fedhas_altar_2,
          nemelex_spade_bored_becter, kennysheep_cluttered_room

Skill      XL: |  1  2 |
---------------+-------+-----
Spellcasting   | 3 |  3.1
Dodging        | |  1.7
Stealth        | |  1.5
Necromancy     | |  4.5

Action                   || total
-------------------------++-------
 Cast: Pain              ||    35
       Animate Skeleton  ||     1
  Use: Scroll            ||     1
Armor: Robe              ||     1
Dodge: Dodged            ||    11
